 Dungeon Crawl Stone Soup version 0.22.1-2-g9c5b331383 (webtiles) character file.

18 Gargoyl the Skirmisher (level 2, -1/26 HPs)
             Began as a Centaur Abyssal Knight on Jan 6, 2019.
             Was a Follower of Lugonu.
             Slain by a hobgoblin
             ... wielding a +0 club
              (3 damage)
             ... on level 1 of the Dungeon.
             The game lasted 00:02:51 (763 turns).

Gargoyl the Skirmisher (Centaur Abyssal Knight)      Turns: 763, Time: 00:02:53

Health: -1/26      AC:  4    Str: 14    XL:     2   Next: 48%
Magic:  3/3        EV: 13    Int: 11    God:    Lugonu [*.....]
Gold:   96         SH:  0    Dex:  8    Spells: 1/1 levels left

rFire    . . .     SeeInvis .   a - +1 hand axe
rCold    . . .     Gourm    .   (no shield)
rNeg     . . .     Faith    .   b - +0 leather armour
rPois    .         Spirit   .   (no helmet)
rElec    .         Reflect  .   (no cloak)
rCorr    .         Harm     .   (no gloves)
MR       .....                  (no barding)
Stlth    ..........             f - amulet of inaccuracy (curse)
HPRegen  0.08/turn              d - +4 ring of evasion
MPRegen  0.08/turn              (no ring)

@: very quick
A: large, hooves 3, deformed body, speed 2, tough skin 3
a: Depart the Abyss, Renounce Religion


You were on level 1 of the Dungeon.
You worshipped Lugonu.
Lugonu was aware of your devotion.
You were not hungry.

You visited 1 branch of the dungeon, and saw 1 of its levels.
You visited the Abyss 1 time.

You collected 96 gold pieces.

Inventory:

Hand Weapons
 a - a +1 hand axe (weapon)
Missiles
 l - 5 javelins (quivered)
Armour
 b - a +0 leather armour (worn)
 h - a +0 scale mail
Jewellery
 d - a +4 ring of evasion (left hand)
 f - a cursed amulet of inaccuracy (around neck)
Wands
 g - a wand of disintegration (16)
Scrolls
 e - 2 scrolls of teleportation {unknown}
 j - a scroll of fog {unknown}
Potions
 i - a potion of mutation {unknown}
 k - a potion of curing {unknown}
Comestibles
 c - 2 rations


   Skills:
 + Level 3.5 Fighting
 + Level 2.0 Axes
 + Level 1.4 Armour
 + Level 0.6 Dodging
 + Level 2.1 Invocations


You had one spell level left.
You didn't know any spells.
Your spell library was empty.

Dungeon Overview and Level Annotations

Branches:
Dungeon (1/15)

Altars:


Innate Abilities, Weirdness & Mutations

You have hooves in place of feet.
Armour fits poorly on your strangely shaped body.
You cover ground very quickly.
You have extremely tough skin. (AC +3)


Message History

Lugonu accepts your kill.
Your Axes skill increases to level 2!
You hit the ooze. You barely miss the bat. You barely miss the hobgoblin.
The bat closely misses you. The hobgoblin barely misses you. The ooze hits you.
* * * LOW HITPOINT WARNING * * *
The bat hits you but does no damage.
You hit the hobgoblin. Your kick misses the hobgoblin.
The hobgoblin is moderately wounded.
You miss the bat. You hit the ooze. The bat barely misses you.
The hobgoblin hits you with a club.
* * * LOW HITPOINT WARNING * * *
The ooze hits you but does no damage.
The hobgoblin hits you but does no damage.
You miss the hobgoblin.
The hobgoblin is moderately wounded.
You closely miss the bat. You hit the ooze. The bat hits you.
* * * LOW HITPOINT WARNING * * *
The bat barely misses you. The ooze hits you but does no damage.
The hobgoblin hits you with a club.
You die...

.###............
...#............
#............#
#...........#
##...........#
#............#..
...#.....J.....#
##.....g@......# ###
.......b.......# #.#
....)....###...# ##.#
.........###...#######...
..
.........##..#......##.#.
..
..........†......##......
....
#........>#.###...........
... ##..########..#
#.......##.. ##.##.. #..##
#..#######.#


You could see an ooze, a hobgoblin and a bat.

Vanquished Creatures
  A dart slug (D:1)
  A leopard gecko (D:1)
  3 giant cockroaches (D:1)
  2 hobgoblins (D:1)
  3 bats (D:1)
  A frilled lizard (D:1)
  A kobold (D:1)
  3 rats (D:1)
15 creatures vanquished.

Vanquished Creatures (others)
  4 starspawn tentacles (Abyss:1)
4 creatures vanquished.

Grand Total: 19 creatures vanquished

Notes
Turn   | Place    | Note
-------+----------+-------------------------------------------
     0 | Abyss:1  | Gargoyl the Centaur Abyssal Knight began the quest for the
                  | Orb.
     0 | Abyss:1  | Reached XP level 1. HP: 19/19 MP: 2/2
    66 | Abyss:1  | Noticed a tentacled starspawn
    85 | Abyss:1  | Noticed a large abomination
   127 | Abyss:1  | Noticed an ancient zyme
   188 | Abyss:1  | Noticed a large abomination
   198 | Abyss:1  | Noticed a soul eater
   204 | Abyss:1  | Noticed a small abomination
   237 | Abyss:2  | Noticed a small abomination
   259 | D:1      | Escaped the Abyss
   549 | D:1      | Reached * piety under Lugonu
   566 | D:1      | Reached XP level 2. HP: 18/26 MP: 3/3
   763 | D:1      | Slain by a hobgoblin

Skill      XL: |  1  2 |
---------------+-------+-----
Axes           | 2 |  2.0
Fighting       | |  3.5
Armour         | |  1.4
Dodging        | |  0.6
Invocations    | |  2.1

Action                   || total
-------------------------++-------
Melee: Hand axe          ||    50
       Kick              ||     3
Invok: Depart the Abyss  ||     1
Evoke: Wand              ||     4
  Use: Potion            ||     2
Armor: Leather armour    ||    23
Dodge: Dodged            ||    77
